 Dungeon Crawl Stone Soup version 0.31-a0-691-g409c26aa35 (webtiles) character file.

Game seed: 12085339965017399423

3585 ragingrage the Grappler (level 9, 0/118 HPs)
             Began as a Pale Draconian Shapeshifter on Sept 6, 2023.
             Was an Initiate of Ru.
             Succumbed to Maurice's poison
             ... on level 8 of the Dungeon.
             The game lasted 00:08:45 (7432 turns).

ragingrage the Grappler (DrSh)                      Turns: 7432, Time: 00:08:46

Health: 0/118      AC:  8    Str: 21    XL:     9   Next: 85%
Magic:  9/9        EV: 12    Int: 11    God:    Ru [......]
Gold:   498        SH:  0    Dex: 10    Spells: 5/8 levels left

rFire   . .          .
                       - Unarmed
rCold   + . .        (shield currently unavailable)
rNeg    . . .        (body armour unavailable)
rPois   .            (helmet restricted)
rElec   .            k - +0 cloak
rCorr   .            (no gloves)
SInv    .            (no boots)
Will    +....        p - amulet of the acrobat Stlth
                     f - ring of protection from cold
HPRegen 0.39/turn    w - ring of willpower
MPRegen 0.11/turn

%: acrobat
@: berserking (expiring), lethally poisoned (0 -> -10), flux-form, glowing, very
quick
A: glow, contaminating, breathe steam, AC +7, unfitting armour, cold-blooded,
steam resistance
a: Breathe Steam, Begin Untransformation, Renounce Religion


You were on level 8 of the Dungeon.
You worshipped Ru.
Ru was noncommittal.
You were something dangerously unstable.
You visited 2 branches of the dungeon, and saw 9 of its levels.
You also visited: Ossuary.

You collected 498 gold pieces.

Inventory:

Missiles
 e - a javelin (quivered)
 y - a throwing net
 A - a curare-tipped dart
Armour
 k - a +0 cloak (worn)
Jewellery
 f - a ring of protection from cold (left hand)
 h - a ring of resist corrosion
 p - an amulet of the acrobat (around neck)
 w - a ring of willpower (right hand)
 z - a ring of see invisible
Talismans
 c - a flux talisman (active)
Wands
 d - a wand of flame (23)
 n - a wand of polymorph (7)
 u - a wand of digging (5)
Scrolls
 g - a scroll of noise {unknown}
 i - 2 scrolls of fear
 j - 2 scrolls of vulnerability
 o - 2 scrolls of immolation
 s - a scroll of identify
 t - a scroll of poison {unknown}
 v - 3 scrolls of amnesia
 x - 4 scrolls of teleportation
 B - 2 scrolls of revelation {unknown}
 C - a scroll of enchant weapon {unknown}
 F - a scroll of torment {unknown}
Potions
 a - 3 potions of lignification
 l - a potion of haste
 m - 5 potions of enlightenment
 q - 5 potions of might
 r - 3 potions of mutation
 E - 2 potions of attraction


   Skills:
 + Level 7.2 Fighting
 - Level 1.7 Dodging
 - Level 11.0 Unarmed Combat
 - Level 7.0 Shapeshifting


You had 5 spell levels left.
You knew the following spells:

 Your Spells              Type           Power      Damage    Failure   Level
a - Swiftness             Air            0%         N/A       71%         3

Your spell library contained the following spells:

 Spells                   Type           Power      Damage    Failure   Level
 Foxfire                  Conj/Fire      0%         2x1d4     34%         1
 Freeze                   Ice            0%         1d3       34%         1
 Magic Dart               Conj           0%         1d3       34%         1
 Shock                    Conj/Air       0%         1d3       34%         1
 Ensorcelled Hibernation  Hex/Ice        0%         N/A       47%         2
 Passwall                 Tmut/Erth      0%         N/A       47%         2
 Searing Ray              Conj           0%         2d4       47%         2
 Frozen Ramparts          Ice            0%         1d1       71%         3
 Hailstorm                Conj/Ice       0%         3d3       71%         3
 Airstrike                Air            0%         2d(0-16)  98%         4
 Fulminant Prism          Conj/Hex       0%         3d5       98%         4
 Plasma Beam              Fire/Air       0%         2x1d10    100%        6
 Starburst                Conj/Fire      0%         6d3       100%        6


Dungeon Overview and Level Annotations

Branches:
Dungeon (8/15)             Temple (1/1) D:7         Ossuary (visited)
   Lair: D:8-11

Altars:
Cheibriados
Dithmenos
Elyvilon
Fedhas
Gozag
Hepliaklqana
Kikubaaqudgha
Makhleb
Okawaru
Qazlal
Ru
Sif Muna
Trog
Uskayaw
Vehumet
Wu Jian
Xom
Yredelemnul
Zin
The Shining One

Shops:
D:6 :

Annotations:
D:5 1 runed translucent door, Xavori's ghost, novice OpCK
D:8 Maurice


Innate Abilities, Weirdness & Mutations

You are something dangerously unstable.
You glow with magical radiation, making you easy to see and hit.
Foes you strike become dangerously contaminated with magical radiation.
You are incapable of wielding weapons or throwing items.
You can breathe blasts of scalding, opaque steam.
Your pale cyan-grey scales are hard. (AC +7)
You cannot fit into any form of body armour.
You are cold-blooded and may be slowed by cold attacks.
You are immune to the effects of steam.


Message History

Maurice zaps a wand.
Your mind is blasted!
You punch Maurice!
Maurice shudders as magic cascades through him!!
Maurice twists and deforms.
Your tail-slap misses something.
You feel very sick.
You hear a zap.
Something tries to affect you, but you resist.
You closely miss something.
You feel sick.
You hear a zap.
Your mind is blasted!
* * * LOW HITPOINT WARNING * * *
You barely miss something.
You feel sick.
It was a potion of berserk rage.
A red film seems to cover your vision as you go berserk!
You feel yourself moving faster!
You feel mighty!
You feel sick.
You hear a zap.
Your mind is blasted!
* * * LOW HITPOINT WARNING * * *
You miss something.
You feel sick. Something hits you but does no damage.
You are lethally poisoned!
You miss something.
* * * LOW HITPOINT WARNING * * *
You feel sick.
You closely miss something.
* * * LOW HITPOINT WARNING * * *
You feel sick.
You hear a zap.
Something tries to affect you, but you resist.
You miss something.
* * * LOW HITPOINT WARNING * * *
You feel sick. Something hits you.
* * * LOW HITPOINT WARNING * * *
Something steals 2 of your 3 throwing nets!
You are more poisoned.
You barely miss something.
* * * LOW HITPOINT WARNING * * *
You feel sick.
You punch something!
Maurice begins to glow.
You die...

#.. ###.# #..
..#.# ##### #..
#.#.#
#...#######.. .
#.#.#
#............
..## #.#.#
#...#########
.....#.#.# ##.##
...<....)#####.#
.?......B@)....#
################


You could see Maurice (invisible, contam, misshapen).

Vanquished Creatures
  Prince Ribbit (D:7)
  Grinder (D:5)
  Sigmund (D:3)
  2 yaks (D:8)
  Eustachio (D:3)
  Menkaure (D:7)
  Edmund (D:3)
  2 water moccasins
  An ice beast (D:7)
  2 black bears
  An ogre (D:5)
  2 centaurs (D:7)
  A phantom (D:6)
  2 kobold brigands
  Blork the orc (D:3)
  A gnoll sergeant (D:7)
  3 bullfrogs
  2 scorpions
  6 killer bees (D:6)
  A jelly (D:5)
  A howler monkey (D:3)
  An orc priest (D:3)
  A gnoll bouda (D:7)
  A hound (D:7)
  3 iguanas
  Ijyb (D:3)
  2 sleepcaps
  Natasha (thrice) (D:3)
  3 mummies (Ossuary)
  8 gnolls
  8 adders
  3 white imps
  An ufetubus (D:7)
  3 adder zombies (Ossuary)
  2 worms (D:2)
  6 dart slugs
  13 orcs
  11 bats
  8 endoplasms
  5 giant cockroaches
  5 goblins
  7 hobgoblins
  A jackal (D:5)
  8 quokkas
  5 ball pythons
  3 frilled lizards
  A gnoll zombie (Ossuary)
  A goblin zombie (Ossuary)
  4 hobgoblin zombies (Ossuary)
  18 kobolds
  An orc zombie (Ossuary)
  3 quokka zombies (Ossuary)
  7 rats
  5 rat zombies (Ossuary)
186 creatures vanquished.

Notes
Turn   | Place    | Note
-------+----------+-------------------------------------------
     0 | D:1      | ragingrage the Draconian Shapeshifter began the quest for
                  | the Orb.
     0 | D:1      | Reached XP level 1. HP: 16/16 MP: 1/1
   115 | D:1      | Reached XP level 2. HP: 23/23 MP: 2/2
   460 | D:1      | Found a faded altar of an unknown god.
   561 | D:1      | Reached XP level 3. HP: 22/28 MP: 3/3
   840 | D:1      | Reached skill level 4 in Unarmed Combat
  1207 | D:2      | Reached XP level 4. HP: 35/35 MP: 4/4
  1315 | D:2      | Found an ancient bone altar of Kikubaaqudgha.
  1684 | D:3      | Noticed Sigmund
  1796 | D:3      | Noticed Natasha
  1801 | D:3      | Killed Natasha
  1802 | D:3      | Reached XP level 5. HP: 40/40 MP: 5/5
  1877 | D:3      | Found a burning altar of Makhleb.
  1879 | D:3      | Noticed Natasha
  1885 | D:3      | Killed Natasha
  1888 | D:3      | Noticed Natasha
  1923 | D:3      | Killed Natasha
  1924 | D:3      | Reached skill level 5 in Unarmed Combat
  2252 | D:3      | Killed Sigmund
  2253 | D:3      | Reached skill level 5 in Shapeshifting
  2253 | D:3      | Reached XP level 6. HP: 39/47 MP: 6/6
  2401 | D:3      | Found a white marble altar of Elyvilon.
  2450 | D:4      | Noticed Eustachio
  2454 | D:4      | Noticed Blork the orc
  2486 | D:4      | Noticed Edmund
  2507 | D:3      | Reached skill level 6 in Unarmed Combat
  2515 | D:3      | Killed Edmund
  2516 | D:3      | Your scales start taking on a pale cyan-grey colour.
  2516 | D:3      | Reached XP level 7. HP: 38/52 MP: 7/7
  2516 | D:3      | Gained mutation: You are immune to the effects of steam.
                  | [Pale Draconian growth]
  2712 | D:3      | Killed Eustachio
  2938 | D:3      | Reached skill level 7 in Unarmed Combat
  2982 | D:4      | Noticed Ijyb
  2995 | D:3      | Killed Ijyb
  3081 | D:3      | Killed Blork the orc
  3226 | D:4      | Learned a level 3 spell: Swiftness
  3399 | D:4      | Found a blossoming altar of Fedhas.
  3568 | D:5      | Entered Level 5 of the Dungeon
  3575 | D:5      | Found a hide-covered altar of Uskayaw.
  3575 | D:5      | Found a stormy altar of Qazlal.
  3593 | D:5      | Noticed Grinder
  3598 | D:5      | Paralysed by Grinder for 5 turns
  3838 | D:5      | Reached XP level 8. HP: 39/59 MP: 8/8
  3975 | D:5      | Killed Grinder
  4045 | D:5      | Reached skill level 8 in Unarmed Combat
  4247 | D:5      | Found a runed translucent door.
  4249 | D:5      | Noticed Xavori's ghost (novice OpCK)
  5094 | D:6      | Found Qaeq's Book Shoppe.
  5208 | D:6      | Reached skill level 9 in Unarmed Combat
  5706 | D:6      | Found a hazy altar of Hepliaklqana.
  6237 | D:7      | Reached skill level 10 in Unarmed Combat
  6251 | D:6      | Reached XP level 9. HP: 27/64 MP: 9/9
  6463 | D:7      | Noticed Menkaure
  6469 | D:7      | Killed Menkaure
  6695 | D:7      | Reached skill level 11 in Unarmed Combat
  6695 | D:7      | Found a staircase to the Ecumenical Temple.
  6713 | Temple   | Entered the Ecumenical Temple
  6721 | Temple   | Became a worshipper of Ru the Awakened
  6774 | D:7      | Noticed Prince Ribbit
  6810 | D:7      | Killed Prince Ribbit
  6974 | D:7      | Reached skill level 5 in Fighting
  7067 | D:8      | Found a shimmering blue altar of Sif Muna.
  7068 | D:8      | Found a shadowy altar of Dithmenos.
  7068 | D:8      | Found a shimmering altar of Xom.
  7069 | D:8      | Found an ornate altar of the Wu Jian Council.
  7069 | D:8      | Found a bloodstained altar of Trog.
  7070 | D:8      | Found an opulent altar of Gozag.
  7071 | D:8      | Found an ancient bone altar of Kikubaaqudgha.
  7075 | D:8      | Found a sand-covered staircase.
  7086 | Ossuary  | Entered an ossuary
  7394 | D:8      | Noticed Maurice
  7430 | D:8      | HP: 4/118 [poisoned by Maurice]
  7432 | D:8      | Succumbed to Maurice's poison

Illustrated notes

Levels and vault maps discovered:
D:1:      amcnicky_arrival_double_pillar, layout_basic,
          ebering_ecumenical_altar_petrified
D:2:      layout_loops_ring, basic_altar, minmay_tall_x
D:3:      layout_rooms, mainiacjoe_overflow_alcove_2,
          mainiacjoe_overflow_concentric_impassable, uniq_natasha, uniq_sigmund
D:4:      layout_gridville, fedhas_altar_2, uniq_eustachio, uniq_edmund,
          uniq_blork_the_orc, uniq_ijyb
D:5:      layout_layer_cave, gammafunk_temple_overflow_statue,
          ebering_ghost_inner_flame, kennysheep_dice, uniq_grinder
D:6:      layout_basic, general_overflow_altar, serial_shops,
          nicolae_shop_hallway_stairs
D:7:      layout_rooms, minmay_temple_entry_grid, uniq_menkaure,
          uniq_prince_ribbit1
D:8:      layout_loops_ring, mainiacjoe_overflow_alcove_1,
          grunt_temple_overflow_open, minmay_lair_entry_grove, enter_ossuary_1,
          uniq_maurice
Temple:   nicolae_temple_little_seven

Skill      XL: |  1  2  3  4  5  6  7  8  9 |
---------------+----------------------------+-----
Unarmed Combat | 4 5 6 7 10 11 | 11.0
Shapeshifting  | 4 5 6 7 |  7.0
Fighting       | 7 |  7.2
Dodging        | |  1.7

Action                     |  1- 3 |  4- 6 |  7- 9 || total
---------------------------+-------+-------+-------++-------
  Melee: Unarmed           |   130 |   103 |   301 ||   534
         Tailslap          |    17 |     4 |    46 ||    67
         Punch             |     1 |     3 |     3 ||     7
  Throw: Javelin           |       |       |     2 ||     2
Ability: Breathe Steam     |       |       |    12 ||    12
  Evoke: Wand              |       |       |     1 ||     1
    Use: Potion            |       |     4 |     1 ||     5
         Scroll            |       |       |    10 ||    10
   Stab: Sleeping          |     1 |     1 |       ||     2
         Distracted        |     1 |       |       ||     1
 Armour: Skin              |    63 |    58 |   155 ||   276
  Dodge: Dodged            |    74 |    44 |   178 ||   296
   Form: Flux              |       |       |     1 ||     1

Table legend: (Time is in decaauts)
 A = Elapsed time spent in this place.
 B = Non-inter-level travel time spent in this place.
 C = Inter-level travel time spent in this place.
 D = Time resting spent in this place.
 E = Time spent auto-exploring this place.
 F = Levels seen in this place.
 G = Mean time per level.
                   A        B        C        D        E       F      G
               +--------+--------+--------+--------+--------+-----+--------+
         Total |   7359 |   7010 |    349 |   1464 |   4290 |  10 |  735.9 |
       Dungeon |   7069 |   6735 |    334 |   1343 |   4211 |   8 |  883.6 |
        Temple |     16 |      1 |     15 |      0 |      0 |   1 |   16.0 |
       Ossuary |    273 |    273 |      0 |    121 |     79 |   1 |  273.0 |
               +--------+--------+--------+--------+--------+-----+--------+

Top non-repeatable levels by time:
     D:5: 1521 daAuts
     D:3: 1344 daAuts
     D:6: 1338 daAuts
     D:1: 963 daAuts
     D:2: 841 daAuts
     D:7: 562 daAuts
     D:4: 390 daAuts
 Ossuary: 273 daAuts
     D:8: 106 daAuts
  Temple: 16 daAuts
